 Dungeon Crawl Stone Soup version 0.19-a0-1903-gead39cf (webtiles) character file.

26 LORDOFBUTT the Sneak (level 3, -1/24 HPs)
             Began as an Octopode Assassin on Oct 20, 2016.
             Slain by a gnoll (8 damage)
             ... on level 1 of the Dungeon.
             The game lasted 00:00:38 (539 turns).

LORDOFBUTT the Sneak (Octopode Assassin)             Turns: 539, Time: 00:00:40

Health: -1/24      AC:  1    Str: 10    XL:     3   Next: 8%
Magic:  3/3        EV: 13    Int: 13    God:
Gold:   22         SH:  0    Dex: 14    Spells: 0 memorised, 2 levels left

rFire  . . .     SeeInvis .     a - +2 dagger
rCold  . . .     Gourm    .     (no shield)
rNeg   . . .     Faith    .     (helmet restricted)
rPois  .         Spirit   .     (no amulet)
rElec  .         Reflect  .     (no ring)
rCorr  .         Harm     .     (no ring)
MR     .....                    (no ring)
Stlth  ++++......               (no ring)
                                (no ring)
                                (no ring)
                                (no ring)
                                (no ring)

@: no status effects
A: almost no armour, stealthy swim, amphibious, 8 rings, constrict 8, camouflage
1, gelatinous body 1
a: no special abilities


You were on level 1 of the Dungeon.
You were not hungry.

You visited 1 branch of the dungeon, and saw 1 of its levels.

You collected 22 gold pieces.

Inventory:

Hand Weapons
 a - a +2 dagger (weapon)
 b - a +0 blowgun
Missiles
 c - 8 poisoned needles
 d - 2 curare-tipped needles
Scrolls
 e - a scroll of identify {unknown}
 j - a scroll of recharging {unknown}
 k - a scroll of noise {unknown}
Potions
 i - 2 potions of heal wounds {unknown}
 l - a potion of resistance {unknown}
Comestibles
 f - 2 bread rations
 g - a slice of pizza
 h - a beef jerky
 m - a meat ration


   Skills:
 + Level 2.2 Fighting
 + Level 2.1 Short Blades
 + Level 2.1 Throwing
 + Level 1.0 Dodging
 + Level 6.3 Stealth


You had 2 spell levels left.
You didn't know any spells.

Dungeon Overview and Level Annotations

Branches:
Dungeon (1/15)

Altars:


Innate Abilities, Weirdness & Mutations

You cannot wear most types of armour.
You are very stealthy in the water. (Stealth+)
You are amphibious.
You can wear up to eight rings at the same time.
You can use your tentacles to constrict eight enemies at once.
Your skin changes colour to match your surroundings (Stealth+).
Your rubbery body absorbs attacks. (AC +1, EV +1)


Message History

The dart slug launches a dart at you. The slug dart hits you!
The bat barely misses you.
You barely miss the bat. Your grab misses the bat. Your squeeze misses the bat.
The bat barely misses you. The dart slug launches a dart at you.
The slug dart hits you! The bat hits you.
Things that are here:
a club; a hobgoblin corpse You hit the gnoll.
Your grab misses the gnoll.
The gnoll is heavily wounded.
The bat closely misses you. The bat hits you. The goblin barely misses you.
The gnoll misses you.
You barely miss the gnoll. Your grab misses the gnoll.
The gnoll is heavily wounded.
The bat closely misses you. The bat hits you but does no damage.
The goblin hits you.
* * * LOW HITPOINT WARNING * * *
The gnoll hits you!
You die...

############
##.# ... #.#
######.######.#
#.#.#.#.#.#.#.#
.............#
#.#.#.#.#.#.#
............#
.#.#.#g#.#.#.###
.......@b.....#
.#.#.#g#.#.#.##
.............#
#.#w#.#.#.#.##
............#
#.#.#.#.#.#.##
###.##.#..### #
. .## . #


You could see a gnoll, a dart slug, a goblin and a bat.

Vanquished Creatures
  3 dart slugs (D:1)
  3 leopard geckos (D:1)
  4 goblins (D:1)
  3 hobgoblins (D:1)
  A bat (D:1)
  2 rats (D:1)
16 creatures vanquished.

Notes
Turn   | Place    | Note
-------+----------+-------------------------------------------
     0 | D:1      | LORDOFBUTT the Octopode Assassin began the quest for the Orb.
     0 | D:1      | Reached XP level 1. HP: 14/14 MP: 1/1
   122 | D:1      | Reached XP level 2. HP: 19/19 MP: 2/2
   347 | D:1      | Reached skill level 6 in Stealth
   532 | D:1      | Reached XP level 3. HP: 22/24 MP: 3/3
   539 | D:1      | Slain by a gnoll

Vault maps used:
D:1:      sevenhm_arrival_forest_fort_large_4, minmay_misc_feat_ornament,
          st_stairs_11

Skill      XL: |  1  2 |
---------------+-------+-----
Stealth        | 6 |  6.3
Fighting       | |  2.2
Short Blades   | |  2.1
Throwing       | |  2.1
Dodging        | |  1.0

Action                   || total
-------------------------++-------
Melee: Dagger            ||    31
       Constrict         ||     6
       Tentacles         ||     5
 Stab: Sleeping          ||     7
Armor: Skin              ||     2
Dodge: Dodged            ||    15
